 Dungeon Crawl Stone Soup version 0.28.0 (webtiles) character file.

Game seed: 16900293182370851632

54 horus123 the Ducker (level 3, -4/23 HPs)
             Began as a Deep Elf Gladiator on Feb 10, 2022.
             Slain by a gnoll (6 damage)
             ... on level 2 of the Dungeon.
             The game lasted 00:03:52 (2429 turns).

horus123 the Ducker (Deep Elf Gladiator)            Turns: 2429, Time: 00:03:53

Health: -4/23      AC:  5    Str: 13    XL:     3   Next: 66%
Magic:  5/5        EV: 13    Int: 12    God:
Gold:   58         SH:  0    Dex: 16    Spells: 2/2 levels left

rFire   . . .      SeeInvis .   a - +1 rapier
rCold   . . .      Faith    .   (no shield)
rNeg    . . .      Spirit   .   b - +0 leather armour
rPois   .          Reflect  .   c - +0 helmet
rElec   .          Harm     .   i - +0 cloak
rCorr   .          Rampage  .   (no gloves)
Will    .....                   (no boots)
Stlth   +.........              (no amulet)
HPRegen 0.07/turn               (no ring)
MPRegen 0.09/turn               (no ring)

@: no status effects
A: no striking features
a: no special abilities


You were on level 2 of the Dungeon.
You visited 1 branch of the dungeon, and saw 2 of its levels.

You collected 58 gold pieces.

Inventory:

Hand Weapons
 a - a +1 rapier (weapon)
Missiles
 d - 3 throwing nets (quivered)
Armour
 b - a +0 leather armour (worn)
 c - a +0 helmet (worn)
 i - a +0 cloak (worn)
Scrolls
 f - 3 scrolls of blinking


   Skills:
 + Level 3.3 Fighting
 - Level 3.0 Short Blades
 - Level 2.0 Throwing
 - Level 3.6 Dodging


You had 2 spell levels left.
You didn't know any spells.
Your spell library was empty.

Dungeon Overview and Level Annotations

Branches:
Dungeon (2/15)

Altars:
Trog


Message History

The gnoll is lightly wounded.
The gnoll hits you with a +0 spear.
You hit the gnoll.
The gnoll is heavily wounded.
The gnoll hits you but does no damage.
You hit the gnoll.
The gnoll is almost dead.
The gnoll hits you with a +0 spear!
You barely miss the gnoll.
The gnoll is almost dead.
The gnoll hits you with a +0 spear.
You hit the gnoll.
You kill the gnoll!
You hit the gnoll.
The gnoll is lightly wounded.
The gnoll hits you with a +0 whip.
You hit the gnoll.
The gnoll is heavily wounded.
The gnoll hits you with a +0 whip.
* * * LOW HITPOINT WARNING * * *
You aren't carrying any potions.
Unknown command.
You see here a hobgoblin skeleton.
There is a stone staircase leading up here.
Things that are here:
a +0 spear; a gnoll corpse The gnoll hits you but does no damage.
The gnoll hits you with a +0 whip.
There is a stone staircase leading up here.
Things that are here:
a +0 spear; a gnoll corpse You barely miss the gnoll.
The gnoll hits you with a +0 whip.
You hit the gnoll.
The gnoll is lightly wounded.
The gnoll hits you with a +0 whip!
* * * LOW HITPOINT WARNING * * *
You barely miss the gnoll.
The gnoll is lightly wounded.
The gnoll hits you with a +0 whip.
You die...

#.#.#. ###.#.##
####.....#.
#....).....
########........#.
#.....w.........##
#.######........#.
#g# #........##
#@# ######.#...
#.# #.#### ##.##
#+# #...####
#.#....# #....#.#
########....###
..............+
######.#....###


You could see a gnoll.

Vanquished Creatures
  A gnoll (D:2)
  2 worms (D:2)
  A dart slug (D:1)
  4 ball pythons (D:1)
  4 endoplasms
  3 goblins
  4 hobgoblins
  6 quokkas
  A bat (D:1)
  A frilled lizard (D:2)
  A kobold (D:1)
  6 rats
34 creatures vanquished.

Notes
Turn   | Place    | Note
-------+----------+-------------------------------------------
     0 | D:1      | horus123 the Deep Elf Gladiator began the quest for the
                  | Orb.
     0 | D:1      | Reached XP level 1. HP: 12/12 MP: 3/3
   309 | D:1      | Reached XP level 2. HP: 17/17 MP: 4/4
   338 | D:1      | Found a faded altar of an unknown god.
  1463 | D:2      | Reached XP level 3. HP: 19/22 MP: 5/5
  1472 | D:2      | HP: 1/23 [frozen (5)]
  2209 | D:2      | Found a bloodstained altar of Trog.
  2429 | D:2      | Slain by a gnoll

Illustrated notes

Levels and vault maps discovered:
D:1:      giann_bridges, layout_loops_corners, shapermc_ecumenical_altar_venn
D:2:      layout_loops_corners, basic_altar, minmay_misc_feat_doors,
          minmay_nonomino_d4

Skill      XL: |  1  2  3 |
---------------+----------+-----
Fighting       | 2 3 |  3.3
Short Blades   | |  3.0
Throwing       | |  2.0
Dodging        | |  3.6

Action                   || total
-------------------------++-------
Melee: Rapier            ||   139
  Use: Scroll            ||     3
       Potion            ||     2
 Stab: Sleeping          ||     3
Armor: Leather armour    ||    27
Dodge: Dodged            ||    69
